 Dungeon Crawl Stone Soup version bcrawl-1.12-11-gb93c957c58 (console) character file.

Game seed: 13142873604609051669

165 Lexodia the Cudgeler (level 5, -15/41 HPs)
             Began as a Minotaur Archaeologist on July 3, 2019.
             Demolished by an ogre
             ... wielding a +0 giant club
              (18 damage)
             ... on level 3 of the Dungeon.
             The game lasted 00:02:51 (1551 turns).

Lexodia the Cudgeler (Minotaur Archaeologist)       Turns: 1551, Time: 00:02:52

Health: -15/41     AC:  9    Str: 16    XL:     5   Next: 21%
Magic:  4/4        EV: 13    Int: 11    God:
Gold:   45         SH:  0    Dex:  9    Spells: 4/4 levels left

rFire    . . .     SeeInvis .   j - +2 dagger (venom)
rCold    . . .     Gourm    .   (no shield)
rNeg     . . .     Faith    .   a - +1 robe
rPois    .         Spirit   .   b - +1 hat
rElec    .         Reflect  .   (no cloak)
rCorr    .         Harm     .   d - +1 pair of gloves
MR       .....                  r - +2 pair of boots
Stlth    ++........             (no amulet)
HPRegen  0.13/turn              (no ring)
MPRegen  0.09/turn              (no ring)

@: studying Maces & Flails
A: retaliatory headbutt, horns 2
a: no special abilities


You were on level 3 of the Dungeon.
You were not hungry.

You visited 1 branch of the dungeon, and saw 3 of its levels.

You collected 45 gold pieces.

Inventory:

Hand Weapons
 j - a +2 dagger of venom (weapon)
Missiles
 i - 137 poisoned needles
Armour
 a - a +1 robe (worn)
 b - a +1 hat (worn)
 d - a +1 pair of gloves (worn)
 r - a +2 pair of boots (worn)
Scrolls
 l - 2 scrolls of identify {unknown}
 o - a scroll of blinking {unknown}
Potions
 h - a potion of berserk rage {unknown}
 k - 4 potions of lignification {unknown}
 m - a potion of mutation {unknown}
 n - a potion of cancellation {unknown}
 p - a potion of agility {unknown}
 q - a potion of brilliance {unknown}
 s - a potion of curing {unknown}
 t - a potion of ambrosia {unknown}
Books
 e - a manual of Maces & Flails
Miscellaneous
 f - an ancient crate
Comestibles
 c - 7 chunks of flesh
 g - 5 rations {!d}


   Skills:
 - Level 2.0 Fighting
 * Level 6.3 Maces & Flails
 - Level 2.0 Armour
 - Level 4.0 Dodging
 - Level 3.0 Stealth


You had 4 spell levels left.
You didn't know any spells.
Your spell library was empty.

Dungeon Overview and Level Annotations

Branches:
Dungeon (3/12)

Altars:
Gozag


Innate Abilities, Weirdness & Mutations

You reflexively headbutt those who attack you in melee.
You have a pair of horns on your head.


Message History

The kobold shouts!
An ogre comes into view. It is wielding a +0 giant club.
There are monsters nearby!
The ogre shouts!
You hit the kobold.
The kobold is poisoned.
The kobold is severely wounded.
Some of the chunks of flesh in your inventory have rotted away.
You completely miss the kobold.
The kobold is severely wounded.
You kill the kobold!
The ogre hits you with a +0 giant club!
You hit the ogre. You headbutt the ogre.
The ogre is moderately wounded.
The ogre hits you with a +0 giant club!!
Ouch! That really hurt!
* * * LOW HITPOINT WARNING * * *
You hit the ogre.
The ogre is poisoned.
Your headbutt misses the ogre.
The ogre is heavily wounded.
The ogre hits you with a +0 giant club!!
You die...

.#..#.......####.#.#
.#......_......#.#.#
.#..#.......#..#.#.#
....#.8...8.##.###.#
....##.....##......#
.#..####.#####.#######
....##.#.#####........
.#.###.#.......#########
.#..........##..@O......
.......#.##.##.#########
......##.##.##.#
......##.##....#
......##.#####.#
......##.# #.#
......##.# #.#
.###)....#####.# .#
#...........#


You could see an ogre.

Vanquished Creatures
  An orc priest (D:3)
  An orc wizard (D:3)
  3 adders
  An ooze (D:2)
  2 worms (D:2)
  4 dart slugs
  2 leopard geckos
  3 orcs
  A ball python (D:1)
  2 giant cockroaches
  6 goblins
  6 hobgoblins
  5 jackals
  A quokka (D:1)
  6 bats (D:1)
  9 kobolds
  4 rats
57 creatures vanquished.

Notes
Turn   | Place    | Note
-------+----------+-------------------------------------------
     0 | D:1      | Lexodia the Minotaur Archaeologist began the quest for the
                  | Orb.
     0 | D:1      | Reached XP level 1. HP: 16/16 MP: 0/0
   105 | D:1      | Reached skill level 1 in Armour
   221 | D:1      | Reached XP level 2. HP: 18/23 MP: 1/1
   485 | D:1      | Reached XP level 3. HP: 16/29 MP: 2/2
   804 | D:1      | Reached skill level 1 in Maces & Flails
  1077 | D:2      | Reached skill level 2 in Maces & Flails
  1152 | D:2      | Reached skill level 3 in Maces & Flails
  1192 | D:2      | Reached XP level 4. HP: 24/36 MP: 3/3
  1354 | D:3      | Reached skill level 4 in Maces & Flails
  1359 | D:3      | Reached skill level 5 in Maces & Flails
  1359 | D:3      | Reached XP level 5. HP: 21/41 MP: 4/4
  1413 | D:3      | Found an opulent altar of Gozag.
  1455 | D:3      | Reached skill level 6 in Maces & Flails
  1544 | D:3      | Noticed an ogre
  1550 | D:3      | HP: 2/41 [ogre/+0 giant club (26)]
  1551 | D:3      | Demolished by an ogre

Skill      XL: |  1  2  3  4  5 |
---------------+----------------+-----
Armour         | 1 2 |  2.0
Stealth        | 3 |  3.0
Fighting       | 2 |  2.0
Maces & Flails | 3 5 6 |  6.3
Dodging        | 4 |  4.0

Action                   |  1- 3 |  4- 6 || total
-------------------------+-------+-------++-------
Melee: Unarmed           |    27 |       ||    27
       Short sword       |    97 |       ||    97
       Headbutt          |    25 |     4 ||    29
       Dagger            |     3 |    35 ||    38
 Stab: Sleeping          |     3 |     4 ||     7
  Eat: Chunk             |     1 |     1 ||     2
Armor: Robe              |    55 |     7 ||    62
Dodge: Dodged            |    95 |    14 ||   109
